 Dungeon Crawl Stone Soup version 0.30.0-16-gbe6223bb7e (webtiles) character file.

Game seed: 15587984531781178074

113688 zazu2006 the Spry (level 16, -7/189 HPs)
             Began as a Gnoll Wanderer on May 20, 2023.
             Was a High Priest of Vehumet.
             Mangled by an azure jelly (18 damage)
             ... in an ice cave.
             The game lasted 01:46:04 (30126 turns).

zazu2006 the Spry (Gnoll Wanderer)                 Turns: 30126, Time: 01:46:05

Health: -7/189     AC: 14    Str: 12    XL:     16   Next: 63%
Magic:  11/31      EV: 22    Int: 14    God:    Vehumet [*****.]
Gold:   1205       SH:  8    Dex: 20    Spells: 17/38 levels left

rFire   + + .        r - +11 morningstar of Foolhardiness {heavy, rElec rF+ Will+}
rCold   + . .        t - +0 buckler
rNeg    . . .        W - +1 leather armour {rC+ rF+}
rPois   +            c - +0 helmet
rElec   +            x - +2 cloak {Stlth+}
rCorr   .            X - +0 pair of gloves {Dex+3}
SInv    .            w - +1 pair of boots
Will    ++...        (no amulet) Stlth
                     P - ring of poison resistance
HPRegen 0.51/turn    b - +4 ring of slaying
MPRegen 0.22/turn

%: no passive effects
@: berserking (expiring), studying 2 skills, very quick
A: fangs 1, strong nose, distributed training
a: Renounce Religion


You were in an ice cave.
You worshipped Vehumet.
Vehumet was extremely pleased with you.
You visited 4 branches of the dungeon, and saw 23 of its levels.
You also visited: Gauntlet, Ice Cave and Volcano.

You collected 2107 gold pieces.
You spent 902 gold pieces at shops.

Inventory:

Hand Weapons
 h - the +9 rapier of the Hand {freeze, rCorr Str+2}
   (You found it on level 12 of the Dungeon)

   Str:       It affects your strength (+2).
   rCorr:     It protects you from acid and corrosion.
 r - the +11 morningstar of Foolhardiness (weapon) {heavy, rElec rF+ Will+}
   (You took it off a minotaur in a Gauntlet)

   rF:        It protects you from fire.
   rElec:     It insulates you from electricity.
   Will:      It increases your willpower.
 s - the +9 shortbow of Zaupnoimn {freeze, rPois Str+8 Int-2 Dex+2}
   (You found it on level 5 of the Lair of Beasts)

   Str:       It affects your strength (+8).
   Int:       It affects your intelligence (-2).
   Dex:       It affects your dexterity (+2).
   rPois:     It protects you from poison.
 E - a +2 double sword of freezing
 S - a +4 scimitar of flaming
Missiles
 e - 3 throwing nets
Armour
 c - a +0 helmet (worn)
 t - a +0 buckler (worn)
 w - a +1 pair of boots (worn)
 x - a +2 cloak of stealth (worn)
 W - a +1 leather armour of resistance (worn)
 X - a +0 pair of gloves of dexterity (worn)
 Y - a +3 leather armour of fire resistance
Jewellery
 b - a +4 ring of slaying (right hand)
 v - a ring of flight
 C - a ring of see invisible
 P - a ring of poison resistance (left hand)
Wands
 a - a wand of polymorph (6)
 y - a wand of charming (15)
 N - a wand of quicksilver (20)
 R - a wand of iceblast (16)
 T - a wand of flame (44)
 U - a wand of mindburst (6)
 V - a wand of digging (4)
Scrolls
 d - 6 scrolls of fog
 j - a scroll of enchant armour
 l - a scroll of enchant weapon
 m - 14 scrolls of teleportation
 o - 2 scrolls of magic mapping
 u - a scroll of torment
 z - 3 scrolls of summoning
 F - 4 scrolls of blinking
 G - 7 scrolls of amnesia {unknown}
 H - 2 scrolls of silence
 I - 3 scrolls of immolation
 J - 2 scrolls of noise {unknown}
 K - 4 scrolls of poison
 M - 8 scrolls of fear
 Z - 3 scrolls of vulnerability {unknown}
Potions
 f - 3 potions of resistance
 g - 3 potions of magic
 i - 7 potions of heal wounds
 k - 6 potions of haste
 n - 3 potions of flight {unknown}
 p - 7 potions of lignification
 q - 4 potions of brilliance
 B - 9 potions of curing
 L - 4 potions of ambrosia
 O - a potion of attraction {unknown}
 Q - 2 potions of cancellation
Miscellaneous
 A - a tin of tremorstones (2/2)


   Skills:
 + Level 11.4 Fighting
 + Level 11.4 Short Blades
 + Level 11.4 Long Blades
 + Level 11.4 Axes
 + Level 11.4 Maces & Flails
 + Level 11.7 Polearms
 + Level 11.4 Staves
 + Level 13.1 Ranged Weapons
 + Level 11.4 Throwing
 + Level 11.4 Armour
 + Level 15.1 Dodging
 + Level 11.7 Stealth
 + Level 11.4 Shields
 + Level 11.4 Unarmed Combat
 + Level 11.5 Spellcasting
 + Level 13.1 Conjurations
 + Level 9.6 Hexes
 + Level 9.6 Summonings
 + Level 9.6 Necromancy
 + Level 9.6 Translocations
 + Level 9.6 Transmutations
 + Level 9.6 Fire Magic
 + Level 9.6 Ice Magic
 + Level 9.6 Air Magic
 + Level 9.6 Earth Magic
 + Level 9.6 Poison Magic
 + Level 12.4 Invocations
 + Level 11.4 Evocations


You had 17 spell levels left.
You knew the following spells:

 Your Spells              Type           Power      Damage    Failure   Level
a - Magic Dart            Conj           100%       1d8       1%          1
b - Mephitic Cloud        Conj/Pois/Air  38%        N/A       1%          3
c - Sandblast             Erth           70%        2d15      1%          1
d - Olgreb's Toxic Radia  Pois           35%        N/A       1%          4
e - Dazzling Flash        Conj/Hex       80%        N/A       1%          3
f - Fireball              Conj/Fire      20%        3d10      1%          5
g - Airstrike             Air            17%        2d(3-19)  1%          4

Your spell library contained the following spells:

 Spells                   Type           Power      Damage    Failure   Level
 Orb of Destruction       Conj           22%        9d8       13%         7
 Apportation              Tloc           70%        N/A       1%          1
 Sting                    Tmut/Pois      100%       1d8       1%          1
 Lesser Beckoning         Tloc           70%        N/A       1%          2
 Poisonous Vapours        Pois/Air       70%        N/A       1%          2
 Searing Ray              Conj           88%        2d7       1%          2
 Static Discharge         Conj/Air       80%        2-6/arc   1%          2
 Gell's Gravitas          Tloc           35%        N/A       1%          3
 Portal Projectile        Hex/Tloc       70%        N/A       1%          3
 Spider Form              Tmut/Pois      35%        N/A       1%          3
 Teleport Other           Tloc           35%        N/A       1%          3
 Tukima's Dance           Hex            35%        N/A       1%          3
 Fulminant Prism          Conj/Hex       20%        3d12      1%          4
 Freezing Cloud           Conj/Ice/Air   19%        6-21      1%          5
 Lee's Rapid Deconstruct  Erth           17%        3d11*     1%          5
 Animate Dead             Necr           35%        N/A       2%          4
 Leda's Liquefaction      Hex/Erth       17%        N/A       2%          4
 Summon Lightning Spire   Summ/Air       35%        N/A       2%          4
 Conjure Ball Lightning   Conj/Air       20%        3x3d6     5%          6
 Agony                    Necr           35%        N/A       7%          5
 Alistair's Intoxication  Tmut/Pois      23%        N/A       7%          5
 Blade Hands              Tmut           17%        N/A       7%          5
 Borgnjor's Vile Clutch   Necr/Erth      17%        N/A       7%          5
 Silence                  Hex/Air        17%        N/A       7%          5
 Death Channel            Necr           17%        N/A       36%         6
 Dispersal                Tloc           17%        N/A       36%         6
 Simulacrum               Ice/Necr       17%        N/A       36%         6
 Statue Form              Tmut/Erth      23%        N/A       36%         6
 Ozocubu's Refrigeration  Ice            17%        4d11      45%         7
 Polar Vortex             Ice            17%        N/A       100%        9


Dungeon Overview and Level Annotations

Branches:
Dungeon (15/15)            Temple (1/1) D:4            Lair (5/5) D:8
  Swamp (0/4) Lair:2        Snake (0/4) Lair:3        Slime (0/5) Lair:4
    Orc (2/2) D:11            Elf (0/3) Orc:2        Vaults (0/5) D:14
 Depths (0/4) D:15          IceCv (1/1)             Volcano (visited)
Gauntlet (visited)

Altars:
Ashenzari
Cheibriados
Dithmenos
Elyvilon
Fedhas
Gozag
Hepliaklqana
Kikubaaqudgha
Makhleb
Nemelex Xobeh
Okawaru
Qazlal
Ru
Sif Muna
Trog
Uskayaw
Vehumet
Wu Jian
Xom
Yredelemnul
Zin
The Shining One
Jiyva

Shops:
D:1 ?   D:2 (   D:4 [   D:7 :   Orc:1 :

Annotations:
D:11 1 runed translucent door, bmack86's ghost, journeyman DjTm


Innate Abilities, Weirdness & Mutations

You have very sharp teeth.
Your uncanny sense of smell can sniff out nearby items.
Your experience applies equally to all skills.


Message History

The azure jelly hits you. The azure jelly freezes you! You resist.
The azure jelly misses you.
The azure jelly hits you but does no damage.
You block the azure jelly's attack.
You sock the azure jelly!
You bite the azure jelly, but do no damage.
The azure jelly is moderately wounded.
The azure jelly hits you! The azure jelly freezes you!! You resist.
* * * LOW HITPOINT WARNING * * *
The azure jelly closely misses you. The azure jelly barely misses you.
You block the azure jelly's attack.
The glowing shapeshifter simulacrum completely misses you.
You barely miss the azure jelly.
The azure jelly is moderately wounded.
The azure jelly completely misses you. The azure jelly closely misses you.
The azure jelly hits you.
* * * LOW HITPOINT WARNING * * *
The azure jelly misses you.
Unknown command.
Unknown command.
You spit the glowing shapeshifter simulacrum like a pig!!!
The glowing shapeshifter simulacrum vaporises!
Vehumet accepts your kill.
You feel your power returning. The azure jelly hits you!
* * * LOW HITPOINT WARNING * * *
The azure jelly freezes you! You resist.
* * * LOW HITPOINT WARNING * * *
The azure jelly hits you.
* * * LOW HITPOINT WARNING * * *
The azure jelly freezes you! You resist.
* * * LOW HITPOINT WARNING * * *
The azure jelly barely misses you.
The azure jelly hits you but does no damage.
You are too berserk!
You closely miss the azure jelly.
The azure jelly is moderately wounded.
The azure jelly hits you.
* * * LOW HITPOINT WARNING * * *
The azure jelly freezes you!! You resist.
You die...

#..##...##.#
#..#...##..##.........#
..##...#....#...#.#...
..#....#....##.......#
..#..#.......#.......#
.##.##...#...##.....#
.#..##..##...##....#
##..##..###..# #J°.#
#...#..## #..###@.####
#..##..# ##..##..##.#
#..##..## #..##.##..##
##..#...# #..##......#
.#..##..####..##......#
.##..#....##..##......#
.##..##.......##......#
..#..)#...##...#...#..#
..##..##..##...##.##..#


You could see an azure jelly.

Vanquished Creatures
  Kirke (D:15)
  Roxanne (D:14)
  An azure jelly (IceCv)
  Louise (D:14)
  A dire elephant (D:15)
  A minotaur (Gauntlet)
  Snorg (D:11)
  An ettin (D:11)
  A fire dragon (Lair:5)
  Harold (D:11)
  Fannar (Lair:2)
  7 hydras
  3 vault guards
  4 centaur warriors
  Erica (D:9)
  An ogre mage (D:15)
  16 two-headed ogres
  A boulder beetle (D:13)
  6 death yaks
  A skeletal warrior (D:15)
  Sonja (D:11)
  Nergalle (D:11)
  2 fire crabs
  3 skysharks
  A deep elf archer (Volcano)
  A swamp dragon (Lair:5)
  A harpy (D:15)
  4 deep elf pyromancers (Volcano)
  An orc knight (D:11)
  2 wolf spiders
  An orc sorcerer (Orc:2)
  A shining eye (Gauntlet)
  4 ugly things (D:15)
  A salamander (D:15)
  2 manticores
  37 elephants
  A guardian serpent (Lair:5)
  2 cyclopes
  The ghost of Strat the Ruffian, a novice VSMo of Gozag (D:6)
  11 black mambas
  4 torpor snails
  16 cane toads
  2 ice statues (IceCv)
  An unseen horror (D:13)
  6 rime drakes
  12 komodo dragons
  A kobold demonologist (D:11)
  6 trolls
  3 meliai (Gauntlet)
  2 polar bears
  Grinder (D:6)
  5 hornets
  14 dream sheep
  12 blink frogs
  2 raiju (Gauntlet)
  31 slime creatures
  A jumping spider (shapeshifter) (D:13)
  Sigmund (D:3)
  4 flying skulls (Gauntlet)
  4 shadows
  2 hogs (D:15)
  The ghost of Loveship the Chopper, an amateur MiFi (D:4)
  2 vampires
  2 wraiths
  10 wyverns
  5 basilisks
  5 fire elementals (Volcano)
  8 humans (D:14)
  Eustachio (D:4)
  42 yaks
  6 fire bats (Gauntlet)
  3 steam dragons
  A redback (Lair:5)
  10 vampire mosquitoes
  Menkaure (D:7)
  2 nagas (Lair:3)
  4 acid dragons
  23 water moccasins
  Duvessa (D:5)
  4 hell hounds
  2 floating eyes (Gauntlet)
  13 orc warriors
  An ice beast (D:8)
  A swamp drake (Lair:5)
  3 great orb of eyes simulacra (IceCv)
  A sky beast (D:6)
  A black bear (D:8)
  6 ogres
  14 wolves
  6 centaurs
  2 phantoms (D:6)
  A slime creature simulacrum (IceCv)
  14 kobold brigands
  16 bullfrogs
  6 gnoll sergeants
  A glowing shapeshifter simulacrum (IceCv)
  3 scorpions
  3 wights (D:9)
  Dowan (D:5)
  14 killer bees
  3 electric eels (D:12)
  A howler monkey (D:9)
  2 jellies
  3 hounds
  10 orc priests
  A gnoll bouda (D:8)
  9 iguanas
  Ijyb (D:4)
  A sleepcap (D:5)
  10 orc wizards
  A lightning spire (Gauntlet)
  4 shapeshifter simulacra (IceCv)
  17 gnolls
  12 adders
  4 white imps
  2 worms (D:3)
  2 dart slugs
  53 orcs
  5 endoplasms
  5 giant cockroaches
  7 goblins
  7 hobgoblins
  7 jackals
  4 quokkas
  3 ball pythons
  4 bats
  3 frilled lizards
  15 kobolds
  7 rats
702 creatures vanquished.

Vanquished Creatures (others)
  A vault guard (D:14)
  A hobgoblin (D:4)
2 creatures vanquished.

Grand Total: 704 creatures vanquished

Notes
Turn   | Place    | Note
-------+----------+-------------------------------------------
     0 | D:1      | Reached skill level 10 in Dodging
     0 | D:1      | zazu2006 the Gnoll Wanderer began the quest for the Orb.
     0 | D:1      | zazu2006 set off with the following items: a +2 sling, a +0
                  | spear, a +0 helmet, a scroll of fog, a +0 leather armour.
     0 | D:1      | Reached XP level 1. HP: 13/13 MP: 1/1
   182 | D:1      | Found Roetwion's Magic Scroll Shoppe.
   186 | D:1      | Reached XP level 2. HP: 19/19 MP: 2/2
   683 | D:1      | Bought a scroll of identify for 22 gold pieces
   913 | D:2      | Reached XP level 3. HP: 25/25 MP: 3/3
  1041 | D:2      | Reached skill level 1 in Invocations
  1065 | D:2      | Reached skill level 1 in Fighting
  1065 | D:2      | Reached skill level 1 in Short Blades
  1065 | D:2      | Reached skill level 1 in Long Blades
  1065 | D:2      | Reached skill level 1 in Axes
  1065 | D:2      | Reached skill level 1 in Maces & Flails
  1065 | D:2      | Reached skill level 1 in Staves
  1065 | D:2      | Reached skill level 1 in Throwing
  1065 | D:2      | Reached skill level 1 in Armour
  1065 | D:2      | Reached skill level 1 in Shields
  1065 | D:2      | Reached skill level 1 in Unarmed Combat
  1065 | D:2      | Reached skill level 1 in Spellcasting
  1065 | D:2      | Reached skill level 1 in Evocations
  1246 | D:2      | Found Lirr's Antique Weapon Emporium.
  1720 | D:3      | Reached XP level 4. HP: 31/32 MP: 5/5
  1799 | D:3      | Learned a level 1 spell: Magic Dart
  1822 | D:3      | Noticed Sigmund
  1874 | D:2      | Reached skill level 1 in Conjurations
  1874 | D:2      | Reached skill level 1 in Hexes
  1874 | D:2      | Reached skill level 1 in Summonings
  1874 | D:2      | Reached skill level 1 in Necromancy
  1874 | D:2      | Reached skill level 1 in Translocations
  1874 | D:2      | Reached skill level 1 in Transmutations
  1874 | D:2      | Reached skill level 1 in Fire Magic
  1874 | D:2      | Reached skill level 1 in Ice Magic
  1874 | D:2      | Reached skill level 1 in Air Magic
  1874 | D:2      | Reached skill level 1 in Earth Magic
  1874 | D:2      | Reached skill level 1 in Poison Magic
  2201 | D:4      | Found a runed translucent door.
  2201 | D:4      | Noticed Loveship's ghost (amateur MiFi)
  2215 | D:4      | Found a staircase to the Ecumenical Temple.
  2243 | Temple   | Entered the Ecumenical Temple
  2480 | D:4      | Reached XP level 5. HP: 25/37 MP: 7/7
  2582 | D:4      | Noticed Eustachio
  2599 | D:4      | Noticed a steam dragon
  2686 | D:4      | Killed Eustachio
  2687 | D:4      | Reached XP level 6. HP: 4/44 MP: 9/9
  3111 | D:3      | Killed Sigmund
  3112 | D:3      | Reached XP level 7. HP: 27/51 MP: 10/10
  3233 | D:3      | You fall into a shaft and drop 3 floors!
  3236 | D:6      | Found a runed translucent gate.
  3239 | D:5      | Entered Level 5 of the Dungeon
  3457 | D:4      | Identified the +5 dagger of the Glimmering Gods {heavy,
                  | rPois rN+}
  3476 | D:4      | Noticed Ijyb
  3497 | D:4      | Killed Ijyb
  3674 | D:4      | Found Kepieg's Armour Shoppe.
  3750 | D:4      | Killed a steam dragon
  3822 | D:4      | Reached XP level 8. HP: 28/58 MP: 12/12
  4555 | D:5      | Learned a level 3 spell: Mephitic Cloud
  4590 | D:5      | Reached skill level 11 in Dodging
  5214 | D:5      | Noticed Duvessa
  5214 | D:5      | Noticed Dowan
  5237 | D:5      | Killed Duvessa
  5239 | D:5      | Killed Dowan
  5240 | D:5      | Reached XP level 9. HP: 26/65 MP: 14/14
  5392 | D:5      | Found a radiant altar of Vehumet.
  5392 | D:5      | Found a sparkling altar of Nemelex Xobeh.
  5418 | D:5      | Found a burning altar of Makhleb.
  5420 | D:5      | Became a worshipper of Vehumet
  5496 | D:5      | Found a sacrificial altar of Ru.
  5498 | D:5      | Found a shadowy altar of Dithmenos.
  5694 | D:6      | Reached skill level 5 in Polearms
  5827 | D:6      | Reached skill level 5 in Stealth
  5923 | D:6      | Found a runed translucent gate.
  5923 | D:6      | Noticed Strat's ghost (novice VSMo)
  5924 | D:6      | Found a runed translucent gate.
  5953 | D:6      | Noticed Grinder
  5997 | D:6      | Paralysed by Grinder for 5 turns
  6004 | D:6      | Killed Grinder
  6543 | D:7      | Reached skill level 5 in Invocations
  6886 | D:7      | Noticed Menkaure
  6889 | D:7      | Killed Menkaure
  7186 | D:7      | Found Uptaloell's Book Emporium.
  7219 | D:7      | Reached * piety under Vehumet
  7219 | D:7      | Offered knowledge of Foxfire by Vehumet.
  7374 | D:7      | Reached skill level 5 in Conjurations
  7709 | D:8      | Reached skill level 5 in Fighting
  7709 | D:8      | Reached skill level 5 in Short Blades
  7709 | D:8      | Reached skill level 5 in Long Blades
  7709 | D:8      | Reached skill level 5 in Axes
  7709 | D:8      | Reached skill level 5 in Maces & Flails
  7709 | D:8      | Reached skill level 5 in Staves
  7709 | D:8      | Reached skill level 5 in Throwing
  7709 | D:8      | Reached skill level 5 in Armour
  7709 | D:8      | Reached skill level 5 in Shields
  7709 | D:8      | Reached skill level 5 in Unarmed Combat
  7709 | D:8      | Reached skill level 5 in Spellcasting
  7709 | D:8      | Reached skill level 5 in Evocations
  7709 | D:8      | Reached XP level 10. HP: 74/74 MP: 17/17
  7718 | D:8      | Found a staircase to the Lair.
  8278 | D:8      | Found a broken altar of Ashenzari.
  8910 | D:9      | Reached ** piety under Vehumet
  8910 | D:9      | Offered knowledge of Sandblast by Vehumet.
  8913 | D:9      | Learned a level 1 spell: Sandblast
  8977 | D:9      | Noticed a two-headed ogre
  8980 | D:9      | Killed a two-headed ogre
  9413 | D:9      | Noticed a two-headed ogre
  9429 | D:9      | Killed a two-headed ogre
  9430 | D:9      | Reached skill level 12 in Dodging
  9573 | D:9      | Noticed Erica
  9577 | D:9      | Killed Erica
  9578 | D:9      | Reached skill level 5 in Hexes
  9578 | D:9      | Reached skill level 5 in Summonings
  9578 | D:9      | Reached skill level 5 in Necromancy
  9578 | D:9      | Reached skill level 5 in Translocations
  9578 | D:9      | Reached skill level 5 in Transmutations
  9578 | D:9      | Reached skill level 5 in Fire Magic
  9578 | D:9      | Reached skill level 5 in Ice Magic
  9578 | D:9      | Reached skill level 5 in Air Magic
  9578 | D:9      | Reached skill level 5 in Earth Magic
  9578 | D:9      | Reached skill level 5 in Poison Magic
  9578 | D:9      | Reached XP level 11. HP: 81/81 MP: 20/20
  9748 | D:10     | Entered Level 10 of the Dungeon
  9760 | D:10     | Noticed a two-headed ogre
  9772 | D:10     | Killed a two-headed ogre
  9957 | D:10     | Noticed a two-headed ogre
  9975 | D:10     | Killed a two-headed ogre
 10157 | D:10     | Noticed a centaur warrior
 10176 | D:10     | Killed a centaur warrior
 10190 | D:10     | Offered knowledge of Ignite Poison by Vehumet.
 10733 | Lair:1   | Entered Level 1 of the Lair of Beasts
 10827 | Lair:1   | Found a dark tunnel.
 10836 | Volcano  | Entered a volcano
 10994 | Volcano  | Noticed a deep elf pyromancer
 11027 | Volcano  | Killed a deep elf pyromancer
 11036 | Volcano  | Noticed a deep elf pyromancer
 11050 | Volcano  | Killed a deep elf pyromancer
 11057 | Volcano  | Reached *** piety under Vehumet
 11088 | Volcano  | Noticed a deep elf pyromancer
 11092 | Volcano  | Noticed a deep elf archer
 11094 | Volcano  | Killed a deep elf pyromancer
 11097 | Volcano  | Killed a deep elf archer
 11098 | Volcano  | Reached XP level 12. HP: 62/91 MP: 18/22
 11422 | Lair:1   | Reached skill level 10 in Ranged Weapons
 11493 | Lair:1   | Offered knowledge of Flame Wave by Vehumet.
 11496 | Lair:1   | HP: 4/92 [elephant (6)]
 11803 | D:8      | Learned a level 4 spell: Olgreb's Toxic Radiance
 11884 | Lair:1   | Reached skill level 13 in Dodging
 12262 | Lair:1   | Reached XP level 13. HP: 98/98 MP: 25/25
 12593 | Lair:1   | Reached **** piety under Vehumet
 13278 | Lair:2   | Noticed Fannar
 13295 | Lair:1   | Learned a level 3 spell: Dazzling Flash
 13370 | Lair:2   | Offered knowledge of Fireball by Vehumet.
 13376 | Lair:2   | Killed Fannar
 13719 | Lair:2   | Found a staircase to the Swamp.
 14519 | Lair:2   | Found a broken altar of Ashenzari.
 14850 | Lair:2   | Learned a level 5 spell: Fireball
 15193 | Lair:3   | Found a staircase to the Snake Pit.
 15202 | Lair:3   | Reached skill level 10 in Conjurations
 16600 | Lair:4   | Reached ***** piety under Vehumet
 16601 | Lair:4   | Reached XP level 14. HP: 85/108 MP: 27/27
 16603 | Lair:4   | Offered knowledge of Irradiate by Vehumet.
 16605 | Lair:4   | Reached skill level 10 in Invocations
 17245 | Lair:4   | Found a viscous altar of Jiyva.
 17246 | Lair:4   | Found a staircase to the Slime Pits.
 17939 | Lair:5   | Entered Level 5 of the Lair of Beasts
 18222 | Lair:4   | Learned a level 4 spell: Airstrike
 18821 | Lair:5   | Reached skill level 10 in Polearms
 18955 | Lair:5   | Reached skill level 10 in Stealth
 19139 | Lair:5   | Reached skill level 14 in Dodging
 19927 | Lair:5   | Reached skill level 10 in Fighting
 19927 | Lair:5   | Reached skill level 10 in Short Blades
 19927 | Lair:5   | Reached skill level 10 in Long Blades
 19927 | Lair:5   | Reached skill level 10 in Axes
 19927 | Lair:5   | Reached skill level 10 in Maces & Flails
 19927 | Lair:5   | Reached skill level 10 in Staves
 19927 | Lair:5   | Reached skill level 10 in Throwing
 19927 | Lair:5   | Reached skill level 10 in Armour
 19927 | Lair:5   | Reached skill level 10 in Shields
 19927 | Lair:5   | Reached skill level 10 in Unarmed Combat
 19927 | Lair:5   | Reached skill level 10 in Spellcasting
 19927 | Lair:5   | Reached skill level 10 in Evocations
 20240 | Lair:5   | Offered knowledge of Plasma Beam by Vehumet.
 20351 | Lair:5   | Reached XP level 15. HP: 115/115 MP: 27/29
 21088 | Lair:5   | Identified the +0 ring mail "Weath" {rF++}
 21089 | Lair:5   | Identified the +9 shortbow of Zaupnoimn {freeze, rPois
                  | Str+8 Int-2 Dex+2}
 21586 | D:11     | Found a runed translucent door.
 21590 | D:11     | Found a shimmering altar of Xom.
 21590 | D:11     | Noticed bmack86's ghost (journeyman DjTm)
 21666 | D:11     | Noticed Sonja
 21670 | D:11     | Killed Sonja
 21777 | D:11     | Found a staircase to the Orcish Mines.
 21893 | D:11     | Identified the +9 rapier of Uskayaw's Benevolence {speed,
                  | Int+4 Dex+3}
 21959 | D:11     | Noticed Snorg
 21972 | D:11     | Killed Snorg
 22574 | D:4      | Killed Loveship's ghost
 22684 | D:6      | Killed Strat's ghost
 22959 | Orc:1    | Entered Level 1 of the Orcish Mines
 22959 | Orc:1    | Noticed Harold
 22962 | Orc:1    | Noticed Nergalle
 23125 | D:12     | Found a gate leading to a gauntlet.
 23134 | Gauntlet | Entered a Gauntlet
 23134 | Gauntlet | Found a transporter.
 23192 | Gauntlet | Found a transporter.
 23195 | Gauntlet | Found a transporter.
 23196 | Gauntlet | Found a transporter.
 23205 | Gauntlet | Found a transporter.
 23207 | Gauntlet | Found a transporter.
 23208 | Gauntlet | Found a transporter.
 23217 | Gauntlet | Found a transporter.
 23220 | Gauntlet | Found a transporter.
 23221 | Gauntlet | Found a transporter.
 23233 | Gauntlet | Found a transporter.
 23233 | Gauntlet | Found a transporter.
 23234 | Gauntlet | Found a transporter.
 23242 | Gauntlet | Found a transporter.
 23330 | Gauntlet | Gained mutation: You are dopey. (Int -2) [a shining eye]
 23334 | Gauntlet | Gained mutation: You are frail. (-10% HP) [a shining eye]
 23342 | Gauntlet | Lost mutation: You are dopey. (Int -2) [potion of mutation]
 23342 | Gauntlet | Lost mutation: You are frail. (-10% HP) [potion of
                  | mutation]
 23342 | Gauntlet | Gained mutation: Your muscles are strong. (Str +4, Int/Dex
                  | -1) [potion of mutation]
 23342 | Gauntlet | Gained mutation: Armour fits poorly on your strangely
                  | shaped body. [potion of mutation]
 23342 | Gauntlet | Gained mutation: Your muscles are very strong. (Str +8,
                  | Int/Dex -2) [potion of mutation]
 23477 | Gauntlet | Identified the -2 pair of gloves of the Tundras {rC+}
 23705 | Gauntlet | Identified the +11 morningstar of Foolhardiness {heavy,
                  | rElec rF+ Will+}
 23749 | Gauntlet | Got the Tome of Coruscating Contamination
 23762 | Gauntlet | Lost mutation: Armour fits poorly on your strangely shaped
                  | body. [potion of mutation]
 23762 | Gauntlet | Lost mutation: Your muscles are very strong. (Str +8,
                  | Int/Dex -2) [potion of mutation]
 23762 | Gauntlet | Lost mutation: Your muscles are strong. (Str +4, Int/Dex
                  | -1) [potion of mutation]
 23762 | Gauntlet | Gained mutation: You are vulnerable to cold. (rC-) [potion
                  | of mutation]
 23762 | Gauntlet | Gained mutation: Your magical capacity is low. (-10% MP)
                  | [potion of mutation]
 23762 | Gauntlet | Gained mutation: You are somewhat resistant to further
                  | mutation. [potion of mutation]
 23763 | Gauntlet | Lost mutation: You are somewhat resistant to further
                  | mutation. [potion of mutation]
 23763 | Gauntlet | Lost mutation: Your magical capacity is low. (-10% MP)
                  | [potion of mutation]
 23763 | Gauntlet | Lost mutation: You are vulnerable to cold. (rC-) [potion of
                  | mutation]
 23763 | Gauntlet | Gained mutation: Your flesh is cold resistant. (rC+)
                  | [potion of mutation]
 23763 | Gauntlet | Gained mutation: Your spells are a little easier to cast,
                  | but a little less powerful. [potion of mutation]
 23763 | Gauntlet | Gained mutation: You expend magic power (3 MP) to
                  | strengthen your wands. [potion of mutation]
 24199 | Lair:1   | Lost mutation: You expend magic power (3 MP) to strengthen
                  | your wands. [potion of mutation]
 24199 | Lair:1   | Lost mutation: Your flesh is cold resistant. (rC+) [potion
                  | of mutation]
 24199 | Lair:1   | Gained mutation: Armour fits poorly on your strangely
                  | shaped body. [potion of mutation]
 24199 | Lair:1   | Gained mutation: You passively dampen the noise of your
                  | surroundings. [potion of mutation]
 24200 | Lair:1   | Lost mutation: You passively dampen the noise of your
                  | surroundings. [potion of mutation]
 24200 | Lair:1   | Lost mutation: Armour fits poorly on your strangely shaped
                  | body. [potion of mutation]
 24200 | Lair:1   | Lost mutation: Your spells are a little easier to cast, but
                  | a little less powerful. [potion of mutation]
 24200 | Lair:1   | Gained mutation: You are frail. (-10% HP) [potion of
                  | mutation]
 24200 | Lair:1   | Gained mutation: You sometimes lose your temper in combat.
                  | [potion of mutation]
 24200 | Lair:1   | Gained mutation: You have an increased reservoir of magic.
                  | (+10% MP) [potion of mutation]
 24200 | Lair:1   | Gained mutation: You are partially covered in iridescent
                  | scales. (AC +2) [potion of mutation]
 24201 | Lair:1   | Lost mutation: You are frail. (-10% HP) [potion of
                  | mutation]
 24201 | Lair:1   | Lost mutation: You are partially covered in iridescent
                  | scales. (AC +2) [potion of mutation]
 24201 | Lair:1   | Gained mutation: Your movements are slightly less
                  | encumbered by armour. (ER -2) [potion of mutation]
 24201 | Lair:1   | Gained mutation: Your spells are a little harder to cast,
                  | but a little more powerful. [potion of mutation]
 24201 | Lair:1   | Gained mutation: Your natural rate of healing is unusually
                  | fast. [potion of mutation]
 24202 | Lair:1   | Lost mutation: Your natural rate of healing is unusually
                  | fast. [potion of mutation]
 24202 | Lair:1   | Lost mutation: You sometimes lose your temper in combat.
                  | [potion of mutation]
 24202 | Lair:1   | Gained mutation: You are weak. (Str -2) [potion of
                  | mutation]
 24202 | Lair:1   | Gained mutation: You are frail. (-10% HP) [potion of
                  | mutation]
 24202 | Lair:1   | Gained mutation: You are very frail. (-20% HP) [potion of
                  | mutation]
 24202 | Lair:1   | Gained mutation: You have hidden genetic potential. [potion
                  | of mutation]
 24203 | Lair:1   | Lost mutation: You have hidden genetic potential. [potion
                  | of mutation]
 24203 | Lair:1   | Lost mutation: You have an increased reservoir of magic.
                  | (+10% MP) [potion of mutation]
 24203 | Lair:1   | Lost mutation: You are weak. (Str -2) [potion of mutation]
 24204 | Lair:1   | Lost mutation: Your movements are slightly less encumbered
                  | by armour. (ER -2) [potion of mutation]
 24204 | Lair:1   | Lost mutation: You are very frail. (-20% HP) [potion of
                  | mutation]
 24204 | Lair:1   | Lost mutation: You are frail. (-10% HP) [potion of
                  | mutation]
 24204 | Lair:1   | Lost mutation: Your spells are a little harder to cast, but
                  | a little more powerful. [potion of mutation]
 24477 | D:11     | Killed Harold
 24638 | D:12     | Identified the +9 rapier of the Hand {freeze, rCorr Str+2}
 25157 | D:13     | Reached ****** piety under Vehumet
 25157 | D:13     | Offered knowledge of Eringya's Noxious Bog by Vehumet.
 26455 | D:14     | Found a blossoming altar of Fedhas.
 26522 | D:14     | Reached XP level 16. HP: 124/124 MP: 24/30
 26532 | D:14     | Noticed Louise
 26592 | D:14     | Killed Louise
 27090 | D:14     | Noticed Roxanne
 27258 | D:14     | Killed Roxanne
 27473 | D:14     | Found a gate to the Vaults.
 27538 | D:15     | Entered Level 15 of the Dungeon
 27665 | D:15     | Noticed Kirke
 27683 | D:15     | Killed Kirke
 27804 | D:15     | Found a sacrificial altar of Ru.
 27918 | D:15     | Found a staircase to the Depths.
 28393 | D:15     | Reached skill level 15 in Dodging
 29257 | D:11     | Killed Nergalle
 29362 | Orc:1    | Found Imiefeilett's Book Boutique.
 29370 | Orc:1    | Bought a manual of Spellcasting for 880 gold pieces
 29404 | Orc:2    | Entered Level 2 of the Orcish Mines
 29507 | Orc:2    | Found a frozen archway.
 29514 | Orc:2    | Offered knowledge of Orb of Destruction by Vehumet.
 29533 | IceCv    | Entered an ice cave
 30108 | IceCv    | Noticed an azure jelly
 30111 | IceCv    | Noticed an azure jelly
 30114 | IceCv    | Killed an azure jelly
 30126 | IceCv    | Mangled by an azure jelly

Illustrated notes

Levels and vault maps discovered:
D:1:      dpeg_arrival_round_b, layout_loops_ring, serial_shops,
          nicolae_shop_tiny_waterfront, minmay_misc_feat_diagonals, st_stairs_8,
          grunt_decor_mini_mirrors
D:2:      layout_basic, serial_shops, nicolae_shop_tiny_real_fake_doors,
          minmay_misc_feat_pillars, minmay_octomino_c4
D:3:      layout_rooms, minmay_crystal_room, nicolae_kite_square_tiling_tiny,
          uniq_sigmund
D:4:      layout_loops_ring, minmay_temple_entry_large_hall,
          hellmonk_ghost_happy_afterlife, serial_shops, shop, uniq_eustachio,
          uniq_ijyb
D:5:      layout_loops_cross, chequers_temple_overflow_minitemple,
          minmay_manual_monstrance, uniq_duvessa
D:6:      layout_cave_pools, gammafunk_ghost_nasty_kobolds, minivault_11,
          nicolae_underground_beach, uniq_grinder
D:7:      layout_loops_cross, serial_shops, shop, eino_jars, uniq_menkaure
D:8:      layout_gridville, cheibrodos_ashenzari_chains, lair_entry_dummy,
          kennysheep_nondescript
D:9:      layout_roguey, uniq_erica
D:10:     layout_gridville
D:11:     layout_gridville, kennysheep_orc_monster_closet_entryway,
          ebering_ghost_xom, uniq_snorg, uniq_sonja
D:12:     layout_big_octagon, gauntlet_entry_generic
D:13:     layout_cave_pods, minmay_between
D:14:     layout_rooms, ximxim_vaults_locker_room, fedhas_altar_2, uniq_roxanne,
          uniq_louise
D:15:     hangedman_depths_entry_try_elsewhere_first, layout_basic, basic_altar,
          minmay_misc_feat_encased, kb_rosetta, uniq_kirke
Temple:   regret_index_temple_sphere_string
Lair:1:   layout_cave_shapes, enter_volcano_1, grunt_forest_small_clearings,
          infiniplex_staircase_pool_2
Lair:2:   layout_gridlike, swamp_mist_pool, basic_altar, grunt_megastairs_1,
          uniq_fannar
Lair:3:   layout_hall_layers, guppyfry_snake_entry_garden, st_stairs_6,
          minivault_25
Lair:4:   nzn_winding_woodlands_small [nzn_winding_woodlands_5x15_cabin,
          nzn_winding_woodlands_center_triple_pond,
          nzn_winding_woodlands_5x15_pockets], layout_hall_layers,
          dpeg_slime_entry_enclosed
Lair:5:   guppyfry_lair_end_dragon, layout_layer_cave,
          hangedman_lair_tendril_chambers
Orc:1:    layout_caves, serial_shops, shop, nicolae_shop_tiny_glass,
          uniq_harold, uniq_nergalle, uniq_jorgrun
Orc:2:    hellmonk_orc_salted, layout_caves, portal_ice_cave_entry_pillars_2,
          bh_open_orc_temple, uniq_nessos, uniq_saint_roka, uniq_donald
IceCv:    ice_cave_hellmonk_azure_passage

Skill      XL: |  1  2  3  4  5  6  7  8  9 10 11 12 13 14 15 16 |
---------------+-------------------------------------------------+-----
Dodging        | 11 12 13 14 15 | 15.1
Invocations    | 1 2 3 4 5 6 7 8 9 10 11 12 | 12.4
Fighting       | 1 2 3 5 6 7 8 9 10 11 | 11.4
Short Blades   | 1 2 3 5 6 7 8 9 10 11 | 11.4
Long Blades    | 1 2 3 5 6 7 8 9 10 11 | 11.4
Axes           | 1 2 3 5 6 7 8 9 10 11 | 11.4
Maces & Flails | 1 2 3 5 6 7 8 9 10 11 | 11.4
Staves         | 1 2 3 5 6 7 8 9 10 11 | 11.4
Throwing       | 1 2 3 5 6 7 8 9 10 11 | 11.4
Armour         | 1 2 3 5 6 7 8 9 10 11 | 11.4
Shields        | 1 2 3 5 6 7 8 9 10 11 | 11.4
Unarmed Combat | 1 2 3 5 6 7 8 9 10 11 | 11.4
Spellcasting   | 1 2 3 5 6 7 8 9 10 11 | 11.5
Evocations     | 1 2 3 5 6 7 8 9 10 11 | 11.4
Conjurations   | 1 2 3 5 6 7 9 10 11 12 13 | 13.1
Hexes          | 1 2 3 4 5 6 7 8 9 |  9.6
Summonings     | 1 2 3 4 5 6 7 8 9 |  9.6
Necromancy     | 1 2 3 4 5 6 7 8 9 |  9.6
Translocations | 1 2 3 4 5 6 7 8 9 |  9.6
Transmutations | 1 2 3 4 5 6 7 8 9 |  9.6
Fire Magic     | 1 2 3 4 5 6 7 8 9 |  9.6
Ice Magic      | 1 2 3 4 5 6 7 8 9 |  9.6
Air Magic      | 1 2 3 4 5 6 7 8 9 |  9.6
Earth Magic    | 1 2 3 4 5 6 7 8 9 |  9.6
Poison Magic   | 1 2 3 4 5 6 7 8 9 |  9.6
Polearms       | 3 4 5 6 7 8 9 10 11 | 11.7
Stealth        | 3 4 5 6 7 8 9 10 11 | 11.7
Ranged Weapons | 7 8 9 10 11 12 13 | 13.1

Action                     |  1- 3 |  4- 6 |  7- 9 | 10-12 | 13-15 | 16-18 || total
---------------------------+-------+-------+-------+-------+-------+-------++-------
  Melee: Dagger            |       |       |    91 |   375 |   772 |       ||  1238
         Bite              |       |       |     2 |    70 |   165 |    39 ||   276
         Punch             |       |       |     2 |    19 |    69 |    17 ||   107
         Sling             |       |       |     1 |       |       |       ||     1
         Scimitar          |       |       |       |       |    14 |       ||    14
         Morningstar       |       |       |       |       |   136 |   235 ||   371
         Unarmed           |       |       |       |       |       |     9 ||     9
   Fire: Sling             |    81 |   168 |   371 |    22 |       |       ||   642
         Shortbow          |       |       |       |       |   339 |       ||   339
  Throw: Throwing net      |       |     1 |       |       |       |       ||     1
   Cast: Mephitic Cloud    |       |       |       |    51 |   132 |    21 ||   204
         Sandblast         |       |       |       |     7 |     1 |     7 ||    15
         Magic Dart        |       |       |       |     1 |    31 |     1 ||    33
         Olgreb's Toxic Ra |       |       |       |     1 |     5 |     7 ||    13
         Dazzling Flash    |       |       |       |       |     4 |     1 ||     5
         Fireball          |       |       |       |       |     6 |     8 ||    14
         Airstrike         |       |       |       |       |    32 |    18 ||    50
  Evoke: Wand              |       |     2 |     6 |       |     1 |     3 ||    12
    Use: Scroll            |     2 |     2 |       |     9 |    12 |     5 ||    30
         Potion            |       |     2 |       |     2 |    11 |     1 ||    16
   Stab: Sleeping          |       |       |       |     5 |    12 |     5 ||    22
         Confused          |       |       |       |    32 |    86 |    10 ||   128
         Distracted        |       |       |       |       |     3 |       ||     3
 Armour: Leather armour    |     4 |    11 |       |    37 |   352 |    82 ||   486
         Robe              |       |       |    14 |       |       |       ||    14
         Acid dragon scale |       |       |    90 |    78 |       |       ||   168
  Dodge: Dodged            |    20 |    76 |   306 |   346 |  1282 |   280 ||  2310
  Block: Buckler           |       |       |       |       |       |    33 ||    33
